 Dungeon Sprint DCSS version 0.30-a0-1103-g25895a7845 (webtiles) character file.

Game seed: 13769758358744772777

28432 sircluck the Slayer (level 13, -5/149 HPs)
             Began as a Minotaur Berserker on Apr 18, 2023.
             Was the Champion of Trog.
             Slain by an eight-headed hydra (11 damage)
             ... in the Dungeon (Sprint IX: "|||||||||||||||||||||||||||||").
             The game lasted 00:14:13 (2632 turns).

sircluck the Slayer (Minotaur Berserker)            Turns: 2632, Time: 00:14:13

Health: -5/149     AC: 26    Str: 35    XL:     13   Next: 9%
Magic:  12/12      EV: 13    Int:  9    God:    Trog [******]
Gold:   1105       SH: 15    Dex: 12    Spells: 12/12 levels left

rFire   . . .      SeeInvis .    H - +12 flail of Trog's Felicitations {heavy, Str+6 Dex+2}
rCold   . . .      Faith    .    Q - +1 tower shield
rNeg    . . .      Spirit   .    O - +1 chain mail of Wuicoif {Str+2 Int+2}
rPois   .          Reflect  .    (helmet restricted)
rElec   .          Rampage  .    A - +1 cloak
rCorr   .          NoTele   +    z - +2 pair of gloves
Will    .....                    l - +2 pair of boots Stlth
                                 (no amulet)
HPRegen 0.44/turn                o - +3 ring of intelligence
MPRegen 0.13/turn                n - +2 ring of evasion

@: mighty, on berserk cooldown, slowed, very slow
A: horns 2, retaliatory headbutt
a: Renounce Religion, Berserk, Trog's Hand, Brothers in Arms


You were in the Dungeon.
You worshipped Trog.
Trog was exalted by your worship.
You visited 1 branch You collected 1880 gold pieces.
You spent 775 gold pieces at shops.

Inventory:

Hand Weapons
 a - a +0 mace
 d - a +6 heavy demon whip
 h - a +4 heavy great mace
 k - a +2 morningstar of protection
 w - the +0 dire flail "Oczuph" {flame, Will+}
   (Trog gifted it to you in the Dungeon)

   Will:      It increases your willpower.
 x - a +3 heavy great mace
 C - a +0 morningstar
 D - a +1 dire flail
 G - a +0 whip of electrocution
 H - the +12 flail of Trog's Felicitations (weapon) {heavy, Str+6 Dex+2}
   (Trog gifted it to you in the Dungeon)

   Str:       It affects your strength (+6).
   Dex:       It affects your dexterity (+2).
Missiles
 r - 3 stones (quivered)
 B - 3 curare-tipped darts
Armour
 b - a +0 animal skin
 l - a +2 pair of boots (worn)
 m - a +1 chain mail
 t - a +0 kite shield of reflection
 y - a +0 pair of boots
 z - a +2 pair of gloves (worn)
 A - a +1 cloak (worn)
 M - +1 fire dragon scales
 N - a +3 chain mail
 O - the +1 chain mail of Wuicoif (worn) {Str+2 Int+2}
   (You found it in the Dungeon)

   Str:       It affects your strength (+2).
   Int:       It affects your intelligence (+2).
 P - +1 ice dragon scales
 Q - a +1 tower shield (worn)
 R - a +3 scale mail
Jewellery
 n - a +2 ring of evasion (right hand)
 o - a +3 ring of intelligence (left hand)
 I - a ring of ice
 J - a ring of ice
 K - a ring of willpower
 L - a ring of willpower
Wands
 j - a wand of iceblast (8)
 s - a wand of flame (14)
Scrolls
 u - 3 scrolls of fear
 v - 6 scrolls of identify
 F - a scroll of brand weapon
Potions
 c - a potion of invisibility
 e - 3 potions of haste
 f - 4 potions of magic
 g - 2 potions of berserk rage
 i - 6 potions of curing
 p - 3 potions of resistance
 q - a potion of might


   Skills:
 + Level 23.7 Fighting
 + Level 23.4 Maces & Flails
 + Level 19.1 Armour
 + Level 11.9 Dodging
 + Level 4.1 Stealth
 + Level 6.7 Shields
 + Level 2.6 Evocations


You had 12 spell levels left.
You didn't know any spells.
Your spell library was empty.

Dungeon Overview and Level Annotations

Branches:
Dungeon (1/1)

Altars:
Cheibriados
Dithmenos
Elyvilon
Fedhas
Gozag
Hepliaklqana
Kikubaaqudgha
Makhleb
Nemelex Xobeh
Okawaru
Qazlal
Ru
Sif Muna
Trog
Uskayaw
Vehumet
Wu Jian
Xom
Yredelemnul
Zin
The Shining One
Jiyva
Lugonu

Shops:
D [!(?


Innate Abilities, Weirdness & Mutations

You have a pair of horns on your head.
You reflexively headbutt those who attack you in melee.


Message History

The eight-headed hydra bites you but does no damage. x2
You block the eight-headed hydra's attack.
The eight-headed hydra closely misses you.
The eight-headed hydra bites you!! The eight-headed hydra misses you.
The eight-headed hydra bites you but does no damage.
The eight-headed hydra bites you!
The eight-headed hydra closely misses you.
The eight-headed hydra barely misses you.
The eight-headed hydra bites you!
* * * LOW HITPOINT WARNING * * *
The eight-headed hydra bites you but does no damage.
The eight-headed hydra barely misses you.
The eight-headed hydra bites you but does no damage.
The eight-headed hydra barely misses you.
You block the eight-headed hydra's attack.
The eight-headed hydra bites you.
* * * LOW HITPOINT WARNING * * *
You block the eight-headed hydra's attack. x2
The eight-headed hydra bites you!
* * * LOW HITPOINT WARNING * * *
You feel very mighty all of a sudden.
You block the eight-headed hydra's attack.
The eight-headed hydra bites you but does no damage.
The eight-headed hydra bites you.
* * * LOW HITPOINT WARNING * * *
The eight-headed hydra bites you but does no damage.
The eight-headed hydra closely misses you.
The eight-headed hydra bites you.
* * * LOW HITPOINT WARNING * * *
The eight-headed hydra barely misses you.
You block the eight-headed hydra's attack.
You barely miss the eight-headed hydra.
The eight-headed hydra is severely wounded.
You block the eight-headed hydra's attack.
The eight-headed hydra bites you!
* * * LOW HITPOINT WARNING * * *
The eight-headed hydra closely misses you.
You block the eight-headed hydra's attack.
The eight-headed hydra bites you!
You die...

†▓.▓.▓.▓.▓.▓.▓.▓.▓
.▓.▓.▓.▓.▓.▓.▓.▓.▓
.▓.▓'▓.▓.▓.▓.▓.▓.▓
.▓.▓.▓.▓.▓.▓.▓.▓.▓
.▓.▓!▓.▓.▓.▓'▓.▓.▓
'▓.▓.▓.▓.▓.▓.▓.▓.▓
.▓.▓.▓.▓.▓.▓.▓.▓.▓
.▓.▓.▓.▓.▓.▓.▓.▓.▓
.▓.▓.▓.▓'▓.▓.▓.▓@▓
.▓.▓|▓.▓)▓.▓.▓.▓D▓
.▓.▓.▓.▓)▓.▓)▓.♣i♣
'▓.▓.▓.▓.▓.▓)▓.♣n♣
_▓.▓.▓.▓)▓.▓)▓.♣D♣
_▓.▓.▓.▓)▓.▓)▓.♣.♣
_▓.▓.▓.▓)▓.▓)▓.♣.♣
_▓.▓.▓.▓.▓.▓)▓.♣.♣
_▓.▓†▓.▓.▓.▓)▓.♣.♣


You could see an eight-headed hydra (strong), a seven-headed hydra (strong), a
spriggan druid and a bloated husk.

Vanquished Creatures
  A thorn hunter (D)
  Aizul (D)
  A stone giant (D)
  An ettin (D)
  2 ogre magi (D)
  2 alligators (D)
  A centaur warrior (D)
  A catoblepas (D)
  Sonja (D)
  A goliath frog (D)
  A spriggan druid (D)
  4 deep trolls (D)
  An orc knight (D)
  2 deep elf pyromancers (D)
  A manticore (D)
  2 cyclopes (D)
  A black mamba (D)
  2 cane toads (D)
  A gargoyle (D)
  A rime drake (D)
  A komodo dragon (D)
  3 trolls (D)
  A hornet (D)
  2 blink frogs (D)
  2 slime creatures (D)
  2 yaks (D)
  3 basilisks (D)
  A warg (D)
  7 water moccasins (D)
  2 hell hounds (D)
  3 orc warriors (D)
  5 wolves (D)
  2 centaurs (D)
  A gnoll sergeant (D)
  A bullfrog (D)
  A scorpion (D)
  A killer bee (D)
  A hound (D)
  3 orc priests (D)
  2 iguanas (D)
  5 orc wizards (D)
  2 orcs (D)
  3 bats (D)
  A hobgoblin (D)
  A ball python (D)
84 creatures vanquished.

Vanquished Creatures (collateral kills)
  A frost giant (D)
  2 stone giants (D)
  2 ice dragons (D)
  A hydra (D)
  A deep troll shaman (D)
  A tengu warrior (D)
  3 deep trolls (D)
  A glowing orange brain (D)
  An orc knight (D)
  An ugly thing (D)
  A cyclops (D)
  8 orc warriors (D)
  An orc wizard (D)
24 creatures vanquished.

Grand Total: 108 creatures vanquished

Notes
Turn   | Place    | Note
-------+----------+-------------------------------------------
     0 | D        | sircluck the Minotaur Berserker began the quest for the
                  | Orb.
     0 | D        | Reached XP level 1. HP: 19/19 MP: 0/0
     7 | D        | Reached ** piety under Trog
    16 | D        | Noticed an iguana
    16 | D        | Noticed a water moccasin
    16 | D        | Noticed an iguana
    16 | D        | Noticed a scorpion
    16 | D        | Noticed a hound
    24 | D        | Killed an iguana
    25 | D        | Reached skill level 5 in Fighting
    25 | D        | Reached skill level 5 in Maces & Flails
    25 | D        | Reached XP level 2. HP: 15/30 MP: 1/1
    25 | D        | Reached XP level 3. HP: 18/37 MP: 2/2
    27 | D        | Killed a water moccasin
    27 | D        | Reached *** piety under Trog
    28 | D        | Reached XP level 4. HP: 22/48 MP: 3/3
    34 | D        | Reached XP level 5. HP: 27/56 MP: 4/4
    39 | D        | Reached skill level 5 in Dodging
    42 | D        | Reached skill level 5 in Armour
   193 | D        | Found a snail-covered altar of Cheibriados.
   193 | D        | Found a shadowy altar of Dithmenos.
   193 | D        | Found a white marble altar of Elyvilon.
   193 | D        | Found a blossoming altar of Fedhas.
   193 | D        | Found an opulent altar of Gozag.
   194 | D        | Found a hazy altar of Hepliaklqana.
   195 | D        | Found a viscous altar of Jiyva.
   196 | D        | Found an ancient bone altar of Kikubaaqudgha.
   197 | D        | Found a corrupted altar of Lugonu.
   198 | D        | Found a burning altar of Makhleb.
   199 | D        | Found a sparkling altar of Nemelex Xobeh.
   200 | D        | Found an iron altar of Okawaru.
   201 | D        | Found a stormy altar of Qazlal.
   202 | D        | Found a sacrificial altar of Ru.
   203 | D        | Found a shimmering blue altar of Sif Muna.
   204 | D        | Found a bloodstained altar of Trog.
   205 | D        | Found a hide-covered altar of Uskayaw.
   206 | D        | Found a radiant altar of Vehumet.
   207 | D        | Found an ornate altar of the Wu Jian Council.
   208 | D        | Found a shimmering altar of Xom.
   209 | D        | Found a basalt altar of Yredelemnul.
   210 | D        | Found a glowing silver altar of Zin.
   211 | D        | Found a glowing golden altar of the Shining One.
   258 | D        | Noticed a centaur
   258 | D        | Noticed a hornet
   258 | D        | Noticed a centaur
   258 | D        | Noticed a yak
   262 | D        | Killed a centaur
   262 | D        | Reached **** piety under Trog
   263 | D        | Reached skill level 10 in Fighting
   263 | D        | Reached skill level 10 in Maces & Flails
   263 | D        | Reached XP level 6. HP: 66/66 MP: 5/5
   265 | D        | Killed a hornet
   266 | D        | Reached XP level 7. HP: 74/74 MP: 6/6
   277 | D        | Killed a yak
   279 | D        | Reached ***** piety under Trog
   309 | D        | Noticed a four-headed hydra
   309 | D        | Noticed a cyclops
   309 | D        | Noticed a slime creature
   309 | D        | Noticed a basilisk
   309 | D        | Noticed a cyclops
   309 | D        | Noticed a gargoyle
   316 | D        | Killed a four-headed hydra
   317 | D        | Reached skill level 15 in Maces & Flails
   317 | D        | Reached XP level 8. HP: 67/88 MP: 7/7
   326 | D        | Killed a cyclops
   328 | D        | Killed a slime creature
   329 | D        | Reached XP level 9. HP: 76/96 MP: 8/8
   335 | D        | Killed a cyclops
   336 | D        | Reached skill level 15 in Fighting
   338 | D        | Killed a gargoyle
   664 | D        | Noticed a black mamba
   664 | D        | Noticed a cane toad
   673 | D        | Identified the +0 dire flail "Oczuph" {flame, Will+} (Trog
                  | gifted it to you in the Dungeon)
   673 | D        | Received a gift from Trog
   675 | D        | Noticed a rime drake
   681 | D        | Killed a black mamba
   688 | D        | Killed a cane toad
   703 | D        | Reached XP level 10. HP: 54/110 MP: 9/9
   861 | D        | Noticed a cane toad
   865 | D        | Reached skill level 10 in Dodging
   868 | D        | Reached ****** piety under Trog
   871 | D        | Noticed a catoblepas
   902 | D        | Killed a catoblepas
   903 | D        | Reached skill level 10 in Armour
   903 | D        | Reached skill level 1 in Stealth
   904 | D        | Killed a cane toad
  1022 | D        | Received a gift from Trog
  1084 | D        | Noticed Sonja
  1089 | D        | Killed Sonja
  1371 | D        | Noticed an ettin
  1374 | D        | Killed an ettin
  1374 | D        | Received a gift from Trog
  1375 | D        | Reached XP level 11. HP: 123/123 MP: 10/10
  1385 | D        | Noticed an orc knight
  1391 | D        | Received a gift from Trog
  1393 | D        | Killed an orc knight
  1456 | D        | Noticed an orc knight
  1459 | D        | Received a gift from Trog
  1465 | D        | Killed an orc knight
  1480 | D        | Received a gift from Trog
  1661 | D        | Found Poiklon's Armour Emporium.
  1661 | D        | Noticed a stone giant
  1661 | D        | Noticed an ogre mage
  1661 | D        | Noticed an ogre mage
  1661 | D        | Noticed a deep troll
  1661 | D        | Noticed a deep troll
  1663 | D        | Noticed a deep troll
  1666 | D        | Killed a stone giant
  1667 | D        | Found Vishihah's Distillery.
  1667 | D        | Noticed a deep troll
  1670 | D        | Killed an ogre mage
  1671 | D        | Killed an ogre mage
  1671 | D        | Identified the +12 flail of Trog's Felicitations {heavy,
                  | Str+6 Dex+2} (Trog gifted it to you in the Dungeon)
  1671 | D        | Received a gift from Trog
  1672 | D        | Found Koojoan's Weapon Emporium.
  1679 | D        | Killed a deep troll
  1689 | D        | Killed a deep troll
  1691 | D        | Killed a deep troll
  1692 | D        | Killed a deep troll
  1693 | D        | Reached skill level 15 in Armour
  1715 | D        | Found Etets's Magic Scroll Shoppe.
  1719 | D        | Noticed a deep troll
  1720 | D        | Noticed a deep troll
  1721 | D        | Noticed a deep troll
  1722 | D        | Received a gift from Trog
  1729 | D        | Killed a deep troll
  1731 | D        | Killed a deep troll
  1732 | D        | Reached XP level 12. HP: 107/136 MP: 11/11
  1780 | D        | Bought a scroll of enchant weapon for 105 gold pieces
  1780 | D        | Bought a scroll of brand weapon for 133 gold pieces
  1780 | D        | Bought a scroll of enchant armour for 105 gold pieces
  1785 | D        | Bought 2 potions of resistance for 240 gold pieces
  1785 | D        | Bought a potion of haste for 120 gold pieces
  1785 | D        | Bought 2 potions of curing for 72 gold pieces
  1932 | D        | Got the +1 chain mail of Wuicoif {Str+2 Int+2}
  1990 | D        | Noticed a centaur warrior
  1996 | D        | Noticed a tengu warrior
  1997 | D        | Killed a centaur warrior
  1997 | D        | Received a gift from Trog
  1998 | D        | Noticed a stone giant
  2003 | D        | Reached skill level 1 in Shields
  2005 | D        | Noticed an ice dragon
  2020 | D        | Killed a stone giant
  2020 | D        | Received a gift from Trog
  2021 | D        | Reached skill level 1 in Evocations
  2021 | D        | Killed a tengu warrior
  2025 | D        | Killed an ice dragon
  2025 | D        | Noticed a frost giant
  2028 | D        | Killed a frost giant
  2031 | D        | Noticed a deep troll shaman
  2034 | D        | Killed a deep troll shaman
  2035 | D        | Noticed a stone giant
  2039 | D        | Killed a stone giant
  2039 | D        | Received a gift from Trog
  2052 | D        | Noticed an ice dragon
  2065 | D        | Killed an ice dragon
  2360 | D        | Noticed Aizul
  2367 | D        | Killed Aizul
  2611 | D        | Noticed an alligator
  2611 | D        | Noticed a thorn hunter
  2611 | D        | Noticed an alligator
  2611 | D        | Noticed an eight-headed hydra
  2617 | D        | Reached skill level 5 in Shields
  2618 | D        | Killed an alligator
  2623 | D        | Killed a thorn hunter
  2623 | D        | Received a gift from Trog
  2624 | D        | Reached XP level 13. HP: 148/148 MP: 12/12
  2632 | D        | HP: 6/149 [eight-headed hydra (16)]
  2632 | D        | Slain by an eight-headed hydra

Illustrated notes

Levels and vault maps discovered:
D:        linesprint [early_d, line_temple, items_1, d_10, items_2, lair_1,
          lair_end, items_3, orc_1, orc_end, items_4, d_15, swamp_1, shoals_1,
          snake_1, spider_1, d_20, vaults_1, items_5, swamp_end, shoals_end,
          snake_end, spider_end, vaults_end, d_27, items_6, zot_1, zot_end,
          crypt_end, forest_end, elf_end, slime_end, tomb_end, abyss_end,
          pan_hell_end]

Skill      XL: |  1  2  3  4  5  6  7  8  9 10 11 12 13 |
---------------+----------------------------------------+-----
Fighting       | 5 8 10 11 13 14 16 19 21 23 | 23.7
Maces & Flails | 5 8 10 12 15 16 18 20 21 23 | 23.4
Armour         | 3 4 5 6 7 8 11 15 18 19 | 19.1
Dodging        | 3 4 6 8 9 10 11 | 11.9
Stealth        | 2 3 4 |  4.1
Shields        | 6 |  6.7
Evocations     | 2 |  2.6

Action                     |  1- 3 |  4- 6 |  7- 9 | 10-12 | 13-15 || total
---------------------------+-------+-------+-------+-------+-------++-------
  Melee: Mace              |    16 |    12 |       |       |       ||    28
         Morningstar       |       |     6 |    51 |    67 |       ||   124
         Headbutt          |       |     3 |    11 |    22 |       ||    36
         Great mace        |       |       |       |    59 |       ||    59
         Punch             |       |       |       |     1 |       ||     1
         Flail             |       |       |       |    31 |     6 ||    37
 Invoke: Berserk           |     1 |     1 |     1 |     3 |       ||     6
         Brothers in Arms  |       |       |     1 |     4 |       ||     5
         Trog's Hand       |       |       |       |     1 |       ||     1
  Evoke: Wand              |       |       |       |     4 |       ||     4
    Use: Potion            |       |     1 |     2 |     3 |     1 ||     7
         Scroll            |       |       |       |     9 |       ||     9
   Stab: Petrified         |       |       |       |     2 |       ||     2
 Armour: Animal skin       |     5 |       |       |       |       ||     5
         Chain mail        |       |     4 |    18 |    67 |    11 ||   100
  Dodge: Dodged            |     7 |    11 |    19 |    70 |    13 ||   120
  Block: Tower shield      |       |       |       |    26 |    12 ||    38

Table legend: (Time is in decaauts)
 A = Elapsed time spent in this place.
 B = Non-inter-level travel time spent in this place.
 C = Inter-level travel time spent in this place.
 D = Time resting spent in this place.
 E = Time spent auto-exploring this place.
 F = Levels seen in this place.
 G = Mean time per level.
                   A        B        C        D        E       F      G
               +--------+--------+--------+--------+--------+-----+--------+
         Total |   2667 |   2608 |     59 |   1407 |      0 |   1 | 2667.0 |
       Dungeon |   2667 |   2608 |     59 |   1407 |      0 |   1 | 2667.0 |
               +--------+--------+--------+--------+--------+-----+--------+

Top non-repeatable levels by time:
       D: 2667 daAuts
